 Dungeon Crawl Stone Soup version 0.20-a0-1122-gb7cbeb9 (webtiles) character file.

1603 thirtiethelement the Poker (level 8, -5/58 HPs)
             Began as an Octopode Wanderer on May 13, 2017.
             Slain by an orc warrior
             ... wielding a +0 glaive
              (9 damage)
             ... while paralysed by you
             ... on level 6 of the Dungeon.
             The game lasted 00:33:18 (4882 turns).

thirtiethelement the Poker (Octopode Wanderer)      Turns: 4882, Time: 00:33:18

Health: -5/58      AC:  2    Str: 18    XL:     8   Next: 94%
Magic:  0/17       EV:  2    Int: 12    God:    Xom [.*....]
Gold:   205        SH:  0    Dex: 14    Spells: 7/7 levels left

rFire    x . .     SeeInvis .   a - +3 spear
rCold    + . .     Gourm    .   (no shield)
rNeg     + + .     Faith    .   u - +1 hat
rPois    .         Spirit   +   o - amulet of guardian spirit
rElec    .         Reflect  .   s - ring of ice
rCorr    .         Harm     .   t - ring of positive energy
MR       .....                  z - +5 ring of strength
Stlth    +++++.....             A - +3 ring of evasion
Regen    0.2/turn               B - ring of magical power
MPRegen  0.2/turn               C - ring of positive energy
                                (no ring)
                                (no ring)

@: paralysed, very slightly contaminated, invisible
A: almost no armour, stealthy swim, amphibious, 8 rings, constrict 8, camouflage
1, gelatinous body 1
a: Renounce Religion


You were on level 6 of the Dungeon.
You worshipped Xom.
You were a plaything of Xom.
You were not hungry.

You visited 2 branches of the dungeon, and saw 7 of its levels.

You collected 205 gold pieces.

Inventory:

Hand Weapons
 a - a +3 spear (weapon)
 r - a +1 hand crossbow of freezing
 w - a +1 flail of holy wrath
Missiles
 f - 5 tomahawks (quivered)
Armour
 u - a +1 hat (worn)
Jewellery
 o - an amulet of guardian spirit (around mantle)
 s - a ring of ice (left tentacle)
 t - a ring of positive energy (right tentacle)
 z - a +5 ring of strength (on tentacle)
 A - a +3 ring of evasion (on tentacle)
 B - a ring of magical power (on tentacle)
 C - a ring of positive energy (on tentacle)
Wands
 p - a wand of iceblast (5/15)
Scrolls
 h - 3 scrolls of amnesia
 i - a scroll of identify
 l - a scroll of magic mapping
 v - 3 scrolls of remove curse
Potions
 c - 2 potions of cancellation {unknown}
 e - 7 potions of curing
 g - 5 potions of heal wounds {unknown}
 j - 3 potions of magic {unknown}
 n - a potion of flight {unknown}
 q - a potion of brilliance {unknown}
 x - a potion of berserk rage {unknown}
Books
 b - the Collected Works on Slavery

   Spells                             Type                      Level
   a - Summon Butterflies             Summoning                    1
   b - Recall                         Summoning/Translocation      3
 y - a book of Flames

   Spells                             Type                      Level
   a - Flame Tongue                   Conjuration/Fire             1
   b - Throw Flame                    Conjuration/Fire             2
   c - Conjure Flame                  Conjuration/Fire             3
   d - Inner Flame                    Hexes/Fire                   3
   e - Sticky Flame                   Conjuration/Fire             4
   f - Fireball                       Conjuration/Fire             5
Comestibles
 d - 2 bread rations
 k - 2 meat rations
 m - a royal jelly


   Skills:
 + Level 6.5 Fighting
 * Level 7.8 Polearms
 + Level 2.9 Dodging
 + Level 7.7 Stealth
   Level 1.0 Shields
   Level 1.0 Air Magic
   Level 2.0 Earth Magic


You had 7 spell levels left.
You didn't know any spells.

Dungeon Overview and Level Annotations

Branches:
Dungeon (6/15)             Temple (1/1) D:5

Altars:
Ashenzari
Cheibriados
Fedhas
Gozag
Hepliaklqana
Kikubaaqudgha
Makhleb
Nemelex Xobeh
Okawaru
Qazlal
Ru
Sif Muna
Uskayaw
Vehumet
Wu Jian
Xom
Yredelemnul
Zin
The Shining One

Shops:
D:4 [


Innate Abilities, Weirdness & Mutations

You cannot wear most types of armour.
You are very stealthy in the water. (Stealth+)
You are amphibious.
You can wear up to eight rings at the same time.
You can use your tentacles to constrict eight enemies at once.
Your skin changes colour to match your surroundings (Stealth+).
Your rubbery body absorbs attacks. (AC +1, EV +1)


Message History

You are very lightly contaminated with residual magic.
Xom makes a sudden noise!
You hear a mighty clap of thunder!
You are now a plaything of Xom.
The orc hits you.
The orc warrior hits you from afar with a glaive!
* * * LOW HITPOINT WARNING * * *
The orc hits you.
* * * LOW HITPOINT WARNING * * *
The orc warrior hits you from afar with a glaive!!
You die... "What?
Wait, NO!"
Xom revives you! The orc barely misses you.
The orc warrior hits you but does no damage.
The orc hits you.
* * * LOW HITPOINT WARNING * * *
Xom is interested.
The orc warrior hits you from afar with a glaive!
You die...
Xom laughs nastily!

.#...## #.#...................
.#....# #.....................
.##...# # ###................#..
..#...# .. #........######.####
..#...# ... #.......## ..... .
..#...# ..>.#.......# ###.####
..#...# ............# # ......#
..#...# ###'##......# #.##.##.#
..#...# #......@....##.#.#...#.#
..#...# #.................._....
.##...# #.....ooo....#.#.#(..#.#
.#....# ....###'#'#### #.##.##.#
.#...## ...(.###.#.# #.......#
.....##......'...... #.####.####
.....##......##....(. #..........
##..⌠##...............######.####
.#####......... .......†....


You could see an orc warrior and 2 orcs.

Vanquished Creatures
  Eustachio (D:4)
  An ice beast (D:6)
  An orc warrior (D:6)
  A phantom (D:4)
  3 ogres
  3 centaurs
  5 hounds
  A jelly (D:5)
  A gnoll shaman (D:6)
  2 orc wizards (D:4)
  2 centaur skeletons
  An iguana (D:4)
  3 worker ants
  7 gnolls
  10 adders
  2 oozes
  An adder skeleton (D:4)
  An adder zombie (D:6)
  2 worms
  3 dart slugs
  5 leopard geckos
  14 orcs
  3 giant cockroaches
  7 hobgoblins
  3 jackals (D:2)
  3 quokkas
  3 bats
  2 frilled lizards
  8 goblins
  8 kobolds
  7 rats
  A spectral orc (D:5)
115 creatures vanquished.

Vanquished Creatures (collateral kills)
  A frilled lizard (D:5)
1 creature vanquished.

Grand Total: 116 creatures vanquished

Notes
Turn   | Place    | Note
-------+----------+-------------------------------------------
     0 | D:1      | thirtiethelement the Octopode Wanderer began the quest for the Orb.
     0 | D:1      | thirtiethelement set off with: a +2 spear, the Collected Works on Slavery, a potion of lignification, a bread ration
     0 | D:1      | Reached XP level 1. HP: 18/18 MP: 1/1
    59 | D:1      | Reached XP level 2. HP: 15/24 MP: 2/2
   466 | D:1      | Reached XP level 3. HP: 29/29 MP: 3/3
   686 | D:2      | Reached skill level 1 in Polearms
   755 | D:2      | Reached XP level 4. HP: 32/36 MP: 4/4
  1677 | D:3      | Reached XP level 5. HP: 39/41 MP: 5/5
  1902 | D:3      | Noticed an ogre
  1950 | D:3      | Killed an ogre
  1950 | D:3      | Reached XP level 6. HP: 23/46 MP: 6/6
  2228 | D:4      | Found Fyiv's Armour Shop.
  2245 | D:4      | Noticed Eustachio
  2263 | D:4      | Killed Eustachio
  2263 | D:4      | Reached skill level 5 in Stealth
  2410 | D:4      | Noticed a phantom
  2485 | D:4      | Reached XP level 7. HP: 52/52 MP: 7/7
  2577 | D:4      | Reached skill level 5 in Polearms
  2619 | D:4      | Reached skill level 1 in Dodging
  3136 | D:5      | Entered Level 5 of the Dungeon
  3196 | D:5      | Found an ancient bone altar of Kikubaaqudgha.
  3357 | D:5      | Reached XP level 8. HP: 49/57 MP: 8/8
  3478 | D:5      | Found a staircase to the Ecumenical Temple.
  3485 | Temple   | Entered the Ecumenical Temple
  3654 | Temple   | Became a worshipper of Xom the Unpredictable
  3744 | D:5      | Found a basalt altar of Yredelemnul.
  3939 | D:5      | XOM: summons friendly shadow imp
  4084 | D:6      | XOM: severe Ice miscast
  4102 | D:6      | Found a sacrificial altar of Ru.
  4118 | D:6      | XOM: medium Conj miscast
  4211 | D:6      | XOM: enchant monster (good)
  4213 | D:6      | XOM: swap monsters
  4214 | D:6      | XOM: scenery: create altars
  4449 | D:6      | XOM: noise
  4455 | D:6      | XOM: enchant monster (bad)
  4591 | D:6      | XOM: medium Chrm miscast
  4726 | D:6      | XOM: noise
  4875 | D:6      | XOM: chaos cloud
  4876 | D:6      | Paralysed by you for 6 turns
  4878 | D:6      | XOM: noise
  4880 | D:6      | Xom revived you
  4882 | D:6      | Slain by an orc warrior

Vault maps used:
D:1:      minmay_arrival_radiant_lines, minmay_misc_feat_five,
          minmay_hexomino_c4
D:2:      first_bread, minmay_misc_feat_room
D:3:      solitary_fountain, minmay_surrounded
D:4:      serial_shops, shop, uniq_eustachio
D:5:      marbit_many_paths, yredelemnul_forgotten_temple_becter,
          lemuel_round_altar, minmay_temple_entry_metal_lava, item_on_display_a
D:6:      kennysheep_spiral_hall, nicolae_ru_sacrificial_ziggurat
Temple:   eino_temple_scatter_basement

Skill      XL: |  1  2  3  4  5  6  7  8 |
---------------+-------------------------+-----
Polearms       | 1 2 3 4 5 7 |  7.8
Stealth        | 2 3 4 5 6 7 |  7.7
Fighting       | 6 |  6.5
Dodging        | 2 |  2.9
Shields        | |  1.0
Air Magic      | |  1.0
Earth Magic    | |  2.0

Action                   |  1- 3 |  4- 6 |  7- 9 || total
-------------------------+-------+-------+-------++-------
Melee: Spear             |    56 |   124 |   207 ||   387
       Constrict         |    11 |    20 |    21 ||    52
       Tentacles         |     4 |    20 |    37 ||    61
Throw: Tomahawk          |       |       |     2 ||     2
  Use: Scroll            |     3 |     6 |    10 ||    19
       Potion            |       |       |     5 ||     5
 Stab: Sleeping          |     7 |    17 |     6 ||    30
       Distracted        |       |     1 |     1 ||     2
       Petrified         |       |       |     7 ||     7
       Petrifying        |       |       |     1 ||     1
  Eat: Bread ration      |       |     2 |     1 ||     3
Armor: Skin              |     1 |     5 |    10 ||    16
Dodge: Dodged            |    12 |    62 |    66 ||   140
